 Dungeon Sprint DCSS version 0.21.1-1-g345015f (webtiles) character file.

30 Fang the Skirmisher (level 3, -7/37 HPs)
             Began as a Minotaur Berserker on June 8, 2018.
             Was a Priest of Trog.
             Shot with an arrow by a deep elf archer (10 damage)
             ... in the Dungeon (Sprint V: "Ziggurat Sprint").
             The game lasted 00:00:33 (138 turns).

Fang the Skirmisher (Minotaur Berserker)             Turns: 138, Time: 00:00:34

Health: -7/37      AC: 16    Str: 28    XL:     3   Next: 3%
Magic:  2/2        EV:  9    Int:  4    God:    Trog [***...]
Gold:   0          SH:  0    Dex:  9    Spells: 2/2 levels left

rFire    . . .     SeeInvis .   l - +5 demon trident
rCold    . . .     Gourm    .   (no shield)
rNeg     . . .     Faith    .   j - +5 shadow dragon scales
rPois    .         Spirit   .   (helmet restricted)
rElec    .         Reflect  .   (no cloak)
rCorr    .         Harm     .   (no gloves)
MR       .....     NoTele   +   (no boots)
Stlth    ++........             (no amulet)
HPRegen  0.12/turn              G - ring of flight
MPRegen  0.08/turn              F - +6 ring of strength

@: confused, berserk cooldown, slowed, very slow
A: retaliatory headbutt, horns 2
a: Berserk, Trog's Hand, Burn Spellbooks, Renounce Religion, Evoke Flight


You were in the Dungeon.
You worshipped Trog.
Trog was most pleased with you.
You were not hungry.

You visited 1 branch

Inventory:

Hand Weapons
 k - a +5 executioner's axe
 l - a +5 demon trident (weapon)
Armour
 j - +5 shadow dragon scales (worn)
Jewellery
 F - a +6 ring of strength (right hand)
 G - a ring of flight (left hand)
Wands
 x - a wand of disintegration (7)
 y - a wand of iceblast (7)
 z - a wand of acid (7)
Scrolls
 i - 4 scrolls of blinking
 m - 7 scrolls of fog
 n - a scroll of holy word
 o - 5 scrolls of identify
 p - 5 scrolls of remove curse
 q - 2 scrolls of fear
Potions
 d - 10 potions of curing
 e - 10 potions of heal wounds
 f - 6 potions of haste
 g - 7 potions of magic
 h - 3 potions of berserk rage
 r - 2 potions of brilliance
 s - 2 potions of invisibility
 t - 4 potions of resistance
 u - a potion of experience
 v - 5 potions of agility
 w - 5 potions of might
Comestibles
 a - 4 chunks of flesh
 c - 7 rations


   Skills:
 + Level 6.0 Fighting
 + Level 5.7 Axes
 + Level 3.3 Armour
 + Level 2.9 Dodging


You had 2 spell levels left.
You didn't know any spells.

Dungeon Overview and Level Annotations

Branches:
Dungeon (1/1)

Altars:
Ashenzari
Cheibriados
Dithmenos
Elyvilon
Fedhas
Gozag
Hepliaklqana
Kikubaaqudgha
Makhleb
Nemelex Xobeh
Okawaru
Qazlal
Ru
Sif Muna
Trog
Uskayaw
Vehumet
Wu Jian
Xom
Yredelemnul
Zin
The Shining One
Beogh
Jiyva
Lugonu

Annotations:
D 1 transporter


Innate Abilities, Weirdness & Mutations

You reflexively headbutt those who attack you in melee.
You have a pair of horns on your head.


Message History

* * * LOW HITPOINT WARNING * * *
You see here an arrow.
You feel your anger nearly subside.
You are no longer berserk.
You are exhausted.
You feel yourself slow down.
You puncture the deep elf archer!
Your headbutt misses the deep elf archer.
The deep elf archer is lightly wounded.
The deep elf mage casts a spell.
The deep elf mage blinks!
The deep elf archer blinks! x2
The deep elf archer points at you and mumbles some strange words.
You are confused.
The deep elf archer shoots an arrow.
The arrow hits you but does no damage.
The deep elf mage hits you but does no damage.
The deep elf archer unwields an uncursed longbow.
The deep elf archer wields an uncursed short sword of distortion.
Its appearance distorts for a moment.
The deep elf archer barely misses you.
The deep elf mage mumbles some strange words.
The deep elf archer shoots an arrow.
The arrow hits you!
You die...

▓▓▓▓▓▓▓▓▓▓▓▓▓
▓.8©8.▓.8©8.▓
▓.)}e.▓.....▓
▓...@.▓.....▓
▓..e..▓.....▓
▓E.e..▓..)).▓
▓..(..▓..©..▓
▓..©..▓▓▓▓▓▓▓
▓▓▓▓▓▓▓


You could see 2 deep elf archers, an earth elemental and a deep elf mage.

Vanquished Creatures
  An orc wizard (D)
  An orc (D)
2 creatures vanquished.

Notes
Turn   | Place    | Note
-------+----------+-------------------------------------------
     0 | D        | Found the +6 Majin-Bo {vamp, Archmagi MP+6 Int+6}
     0 | D        | Found the +7 great mace "Firestarter" {inner flame, rF++}
     0 | D        | Fang the Minotaur Berserker began the quest for the Orb.
     0 | D        | Reached XP level 1. HP: 19/19 MP: 0/0
     3 | D        | Found a blossoming altar of Fedhas.
     4 | D        | Found a viscous altar of Jiyva.
     4 | D        | Found a hazy altar of Hepliaklqana.
     4 | D        | Found a transporter.
     4 | D        | Found an opulent altar of Gozag.
     4 | D        | Found an ancient bone altar of Kikubaaqudgha.
     4 | D        | Found a corrupted altar of Lugonu.
    10 | D        | Found a burning altar of Makhleb.
    12 | D        | Found a sacrificial altar of Ru.
    12 | D        | Found a stormy altar of Qazlal.
    12 | D        | Found a deep blue altar of Sif Muna.
    12 | D        | Found an iron altar of Okawaru.
    12 | D        | Found a bloodstained altar of Trog.
    12 | D        | Found a sparkling altar of Nemelex Xobeh.
    73 | D        | Entered arena 2.
    73 | D        | Noticed an orc wizard
    73 | D        | Found a transporter.
    77 | D        | Killed an orc wizard
    77 | D        | Reached skill level 5 in Fighting
    77 | D        | Reached skill level 5 in Axes
    77 | D        | Reached XP level 2. HP: 30/30 MP: 1/1
    78 | D        | Reached ** piety under Trog
    78 | D        | Reached skill level 6 in Fighting
    78 | D        | Reached XP level 3. HP: 37/37 MP: 2/2
   126 | D        | Reached *** piety under Trog
   131 | D        | Entered arena 3.
   131 | D        | Noticed a deep elf archer
   131 | D        | Noticed a deep elf archer
   131 | D        | Noticed a deep elf mage
   131 | D        | Found a transporter.
   132 | D        | Identified the +10 mace of Absolution {flame, rC- MR+ Int+3 Dex+6}
   133 | D        | HP: 2/55 [deep elf archer/arrow (20)]
   138 | D        | Shot with an arrow by a deep elf archer

Skill      XL: |  1  2 |
---------------+-------+-----
Fighting       | 5 6 |  6.0
Axes           | 5 |  5.7
Armour         | 3 |  3.3
Dodging        | |  2.9

Action                   || total
-------------------------++-------
Melee: Demon trident     ||     5
Invok: Berserk           ||     2
       Burn Spellbooks   ||     1
Armor: Shadow dragon sca ||     3
Dodge: Dodged            ||     2
